Map: Incorporeal LE

Players

ManlyManMeat

  • Race: Zerg Zerg
  • League: Diamond
  • Spawn Location: 5:00

VOD

Have the link to the VOD?

Description

Time

  • Played on: July 8, 2025, 4:04 p.m.
  • Length: 6:47
Show
View Real Time Build Order
Export as new Build Order

ManlyManMeat Zerg 

Build Orders:  

Get SALT Encoding   

  6  0:00  Drone  
  13  0:10  Drone  
  14  0:20  Extractor  
  14  0:21  Drone  
  15  0:30  Overlord  
  15  0:56  Drone  
  16  1:05  Hatchery  
  16  1:09  Drone  
  16  1:15  Drone  
  17  1:20  Drone  
  18  1:34  Extractor  
  17  1:43  Spawning Pool  
  17  1:47  Drone  
  17  1:51  Drone  
  18  2:00  Drone  
  19  2:15  Drone  
  20  2:30  Drone  
  21  2:48  Queen x2  
  21  2:49  Zergling x2  
  26  2:52  Overlord  
  26  3:00  Drone  
  26  3:02  Drone  
  28  3:19  Zergling x4  
  30  3:39  Hatchery  
  29  3:46  Drone x2  
  31  3:52  Overlord  
  31  3:57  Metabolic Boost  
  31  4:09  Baneling Nest  
  30  4:12  Drone  
  30  4:13  Drone x2  
  33  4:37  Drone  
  33  4:38  Drone x2  
  33  4:39  Drone x2  
  38  4:40  Drone x3  
  38  4:46  Overlord  
  41  4:55  Zergling x2  
  42  5:04  Zergling x2  
  42  5:05  Zergling x2  
  42  5:06  Evolution Chamber  
  43  5:12  Baneling x2  
  43  5:14  Queen  
  43  5:15  Zergling x2  
  43  5:17  Zergling x2  
  47  5:20  Zergling x2  
  47  5:22  Zergling x2  
  47  5:43  Zergling x4  
  47  5:44  Zergling x8  
  52  5:55  Zergling x2  
  52  5:56  Zergling x8  
  53  6:03  Roach Warren  
  53  6:04  Zergling x2  
  48  6:22  Overlord  
Tags
 
League
Diamond
Matchup
Co-op
Replay Pack
Myownreplay2
Add a new tag
Caveats
  • Supply blocks, unpowered buildings, or Contaminate may cause inaccurate times.
  • Supply counts are checked every 10 seconds.